 Dungeon Crawl Stone Soup version 0.28.0 (webtiles) character file.

Game seed: 8809806136762505987

9238 PBDoughboyy the Thaumaturge (level 11, -4/81 HPs)
             Began as a Gnoll Earth Elementalist on Feb 19, 2022.
             Was an Initiate of Gozag.
             Slain by Snorg (10 damage)
             ... on level 10 of the Dungeon.
             The game lasted 01:15:48 (13233 turns).

PBDoughboyy the Thaumaturge (GnEE)                 Turns: 13233, Time: 01:15:48

Health: -4/81      AC: 12    Str:  7    XL:     11   Next: 43%
Magic:  2/23       EV: 15    Int: 25    God:    Gozag
Gold:   1389       SH:  0    Dex: 13    Spells: 12/26 levels left

rFire   . . .      SeeInvis +   O - +6 flail of Division {venom, rC+}
rCold   + . .      Faith    .   (no shield)
rNeg    + + .      Spirit   .   L - +0 steam dragon scales
rPois   .          Reflect  .   n - +1 helmet
rElec   .          Harm     .   A - +0 cloak "Suqyidiz" {rN++}
rCorr   .          Rampage  .   N - +0 pair of gloves
Will    .....                   l - +0 pair of boots
Stlth   ++++......              (no amulet)
HPRegen 0.23/turn               p - ring of see invisible
MPRegen 0.18/turn               s - +6 ring of intelligence

@: brilliant, gold aura, very slightly contaminated, invisible
A: fangs 1, strong nose, distributed training
a: Renounce Religion, Potion Petition, Call Merchant, Bribe Branch


You were on level 10 of the Dungeon.
You worshipped Gozag.
Gozag was most pleased with you.
You visited 2 branches of the dungeon, and saw 11 of its levels.
You also visited: Sewer.

You collected 1403 gold pieces.
You paid 14 gold pieces to Gozag.

Inventory:

Hand Weapons
 w - a +2 short sword of speed
 I - the +5 war axe of Ibuin {holy, rN+ Int+3 SInv}
   (You found it on level 6 of the Dungeon)

   It has been blessed by the Shining One to cause great damage to the undead
   and demons.
   Int:       It affects your intelligence (+3).
   rN:        It protects you from negative energy.
   SInv:      It lets you see invisible.
 O - the +6 flail of Division (weapon) {venom, rC+}
   (You found it on level 8 of the Dungeon)

   It poisons the flesh of those it strikes.
   rC:        It protects you from cold.
Missiles
 b - 2 throwing nets
 c - 233 stones
 x - a curare-tipped dart
 y - a poisoned dart
 H - 3 boomerangs (quivered)
Armour
 l - a +0 pair of boots (worn)
 n - a +1 helmet (worn)
 A - the +0 cloak "Suqyidiz" (worn) {rN++}
   (You found it in a sewer)

   rN:        It greatly protects you from negative energy.
 L - +0 steam dragon scales (worn)
 N - a +0 pair of gloves (worn)
Jewellery
 p - a ring of see invisible (left hand)
 s - a +6 ring of intelligence (right hand)
Wands
 i - a wand of flame (9)
 q - a wand of acid (5)
 M - a wand of paralysis (6)
 Q - a wand of iceblast (10)
Scrolls
 d - a scroll of teleportation {unknown}
 e - 4 scrolls of amnesia
 f - 2 scrolls of acquirement {unknown}
 j - 3 scrolls of fog {unknown}
 k - a scroll of enchant armour {unknown}
 m - 2 scrolls of holy word {unknown}
 o - 2 scrolls of blinking {unknown}
 D - 2 scrolls of noise {unknown}
 G - a scroll of vulnerability {unknown}
 R - a scroll of identify
Potions
 a - a potion of berserk rage {unknown}
 g - a potion of invisibility
 h - a potion of mutation {unknown}
 r - 5 potions of resistance
 t - a potion of attraction {unknown}
 v - 3 potions of brilliance
 z - 2 potions of haste
 B - a potion of magic {unknown}
 C - 2 potions of ambrosia {unknown}
 E - 3 potions of flight
 F - 3 potions of curing
 J - a potion of degeneration {unknown}
 K - a potion of might {unknown}
 P - a potion of lignification {unknown}


   Skills:
 + Level 6.3 Fighting
 + Level 6.3 Short Blades
 + Level 6.3 Long Blades
 + Level 6.3 Axes
 + Level 6.3 Maces & Flails
 + Level 6.3 Polearms
 + Level 6.3 Staves
 + Level 6.3 Slings
 + Level 6.3 Bows
 + Level 6.3 Crossbows
 + Level 6.3 Throwing
 + Level 6.3 Armour
 + Level 7.9 Dodging
 + Level 7.6 Stealth
 + Level 6.3 Shields
 + Level 6.3 Unarmed Combat
 + Level 8.1 Spellcasting
 + Level 5.2 Conjurations
 + Level 5.2 Hexes
 + Level 5.2 Summonings
 + Level 5.2 Necromancy
 + Level 5.2 Translocations
 + Level 5.7 Transmutations
 + Level 5.2 Fire Magic
 + Level 5.2 Ice Magic
 + Level 5.2 Air Magic
 + Level 7.6 Earth Magic
 + Level 5.2 Poison Magic
 + Level 6.9 Invocations
 + Level 6.3 Evocations


You had 12 spell levels left.
You knew the following spells:

 Your Spells              Type           Power      Damage    Failure   Level
a - Sandblast             Erth           100%       2d20      1%          1
b - Stone Arrow           Conj/Erth      100%       3d13      1%          3
c - Petrify               Tmut/Erth      60%        N/A       3%          4
d - Tukima's Dance        Hex            53%        N/A       1%          3
e - Ozocubu's Armour      Ice            53%        N/A       1%          3

Your spell library contained the following spells:

 Spells                   Type           Power      Damage    Failure   Level
 Animate Skeleton         Necr           100%       N/A       1%          1
 Pain                     Necr           100%       1d9       1%          1
 Corpse Rot               Necr/Air       100%       N/A       1%          2
 Passwall                 Tmut/Erth      50%        N/A       1%          2
 Poisonous Vapours        Pois/Air       100%       N/A       1%          2
 Gell's Gravitas          Tloc           53%        N/A       1%          3
 Lesser Beckoning         Tloc           53%        N/A       1%          3
 Teleport Other           Tloc           53%        N/A       1%          3
 Vampiric Draining        Necr           53%        2d9       1%          3
 Anguish                  Hex/Necr       26%        N/A       7%          4
 Animate Dead             Necr           26%        N/A       7%          4
 Borgnjor's Vile Clutch   Necr/Erth      29%        N/A       12%         5
 Blade Hands              Tmut           27%        N/A       16%         5
 Yara's Violent Unravell  Hex/Tmut       27%        3d12      17%         5
 Metabolic Englaciation   Hex/Ice        26%        N/A       19%         5
 Statue Form              Tmut/Erth      40%        N/A       52%         6
 Death Channel            Necr           26%        N/A       71%         6
 Simulacrum               Ice/Necr       26%        N/A       71%         6
 Enfeeble                 Hex            26%        N/A       99%         7


Dungeon Overview and Level Annotations

Branches:
Dungeon (10/15)            Temple (1/1) D:5           Sewer (visited)
   Lair: D:8-11         Orc: D:9-12

Altars:
Ashenzari
Cheibriados
Dithmenos
Elyvilon
Fedhas
Gozag
Hepliaklqana
Kikubaaqudgha
Makhleb
Nemelex Xobeh
Okawaru
Qazlal
Ru
Sif Muna
Trog
Uskayaw
Vehumet
Wu Jian
Xom
Yredelemnul
Zin
The Shining One

Annotations:
D:10 Snorg


Innate Abilities, Weirdness & Mutations

You have very sharp teeth.
Your uncanny sense of smell can sniff out nearby items.
Your experience applies equally to all skills.


Message History

You sock Snorg!
Snorg is no longer distracted by gold.
Your bite misses Snorg.
Snorg is moderately wounded.
Snorg closely misses you. Snorg claws you. Snorg barely misses you.
Snorg closely misses you. Snorg claws you! Snorg misses you.
Casting: Ozocubu's Armour (safe; 1% risk of failure)
Confirm with . or Enter, or press ? or * to list all spells.
Okay, then.
You feel much better. Snorg closely misses you. Snorg claws you!
Snorg misses you.
The yak bellows!
You sock Snorg!
Snorg looks as sick as possible!
Snorg is moderately wounded.
The yak bellows!
You hear a bellow!
Snorg closely misses you. Snorg misses you. Snorg barely misses you.
Snorg closely misses you. Snorg misses you. x2
Casting: Ozocubu's Armour (safe; 1% risk of failure)
Confirm with . or Enter, or press ? or * to list all spells.
You feel a surge of power! A film of ice covers your body! Snorg bites you!
* * * LOW HITPOINT WARNING * * *
Snorg barely misses you. x2
The yak bellows!
You feel much better. Snorg barely misses you. Snorg claws you.
Snorg closely misses you. Snorg bites you!
* * * LOW HITPOINT WARNING * * *
Snorg claws you.
* * * LOW HITPOINT WARNING * * *
Snorg claws you.
* * * LOW HITPOINT WARNING * * *
Unknown command.
You barely miss Snorg. You punch Snorg.
Snorg is moderately wounded.
Snorg bites you!
* * * LOW HITPOINT WARNING * * *
Snorg barely misses you. Snorg claws you but does no damage.
Snorg closely misses you. x2; Snorg barely misses you.
Your icy armour will break if you move.
Continue?
Your icy armour cracks and falls away as you move.
Snorg bites you!
You die...
Your body crumbles into a pile of gold.

###......#......
#.....##.#.####.#
#..#....#.#.# #
....###...#.#.#
#.#.# ##...#.#.#
# ##.# #....#.#.#
<# #. ##...#.#.#
.. . #...#.#.##.#
. #...#...@..#
##...###T####
#...Y.Y..#
##.Y.Y####
###..#######
#.........
##...Y....
#........
#.....Y..


You could see Snorg (berserk, very poisoned) and 2 yaks.

Vanquished Creatures
  Harold (D:8)
  A two-headed ogre (D:10)
  Pikel (D:4)
  An unseen horror (D:10)
  A troll (D:9)
  Sigmund (D:3)
  15 yaks
  Grum (D:9)
  2 water moccasins (D:6)
  4 orc warriors
  An ice beast (D:7)
  A black bear (D:5)
  An ogre (D:4)
  6 centaurs
  3 wolves (D:9)
  3 kobold brigands
  A phantom (D:4)
  Blork the orc (D:4)
  2 bullfrogs
  A scorpion (D:5)
  A water moccasin zombie (D:3)
  A wyvern skeleton (D:7)
  7 killer bees (D:6)
  2 wights (D:8)
  An electric eel (D:10)
  6 howler monkeys
  3 bullfrog skeletons
  4 centaur zombies
  4 orc priests
  3 hounds (D:6)
  A jelly (D:4)
  A centaur skeleton (D:6)
  An iguana (D:5)
  3 gnoll shamans
  9 orc wizards
  A hound skeleton (D:5)
  2 howler monkey zombies (D:8)
  12 gnolls
  8 adders
  A river rat (D:4)
  A shadow imp (D:6)
  2 white imps
  An ufetubus (D:6)
  An adder skeleton (D:4)
  4 dart slugs
  28 orcs
  8 endoplasms
  9 giant cockroaches
  10 goblins
  6 hobgoblins
  21 kobolds
  7 quokkas
  9 ball pythons
  5 bats
  5 frilled lizards
  8 rats
244 creatures vanquished.

Vanquished Creatures (collateral kills)
  Maggie (D:7)
  A necrophage (D:6)
  An orc warrior (D:6)
  A centaur (D:10)
  2 wights (D:8)
  An orc wizard (D:10)
  2 orcs
  A kobold (D:5)
10 creatures vanquished.

Vanquished Creatures (others)
  10 dancing weapons
  A plant (Sewer)
11 creatures vanquished.

Grand Total: 265 creatures vanquished

Notes
Turn   | Place    | Note
-------+----------+-------------------------------------------
     0 | D:1      | PBDoughboyy the Gnoll Earth Elementalist began the quest
                  | for the Orb.
     0 | D:1      | Reached XP level 1. HP: 13/13 MP: 6/6
    78 | D:1      | Found a faded altar of an unknown god.
   126 | D:1      | Reached XP level 2. HP: 13/19 MP: 4/7
   739 | D:1      | Reached XP level 3. HP: 13/25 MP: 6/9
   748 | D:1      | Reached skill level 5 in Spellcasting
  1152 | D:2      | Reached skill level 1 in Invocations
  1199 | D:2      | Learned a level 3 spell: Stone Arrow
  1221 | D:2      | Reached skill level 1 in Fighting
  1221 | D:2      | Reached skill level 1 in Short Blades
  1221 | D:2      | Reached skill level 1 in Long Blades
  1221 | D:2      | Reached skill level 1 in Axes
  1221 | D:2      | Reached skill level 1 in Maces & Flails
  1221 | D:2      | Reached skill level 1 in Polearms
  1221 | D:2      | Reached skill level 1 in Staves
  1221 | D:2      | Reached skill level 1 in Slings
  1221 | D:2      | Reached skill level 1 in Bows
  1221 | D:2      | Reached skill level 1 in Crossbows
  1221 | D:2      | Reached skill level 1 in Throwing
  1221 | D:2      | Reached skill level 1 in Armour
  1221 | D:2      | Reached skill level 1 in Shields
  1221 | D:2      | Reached skill level 1 in Unarmed Combat
  1221 | D:2      | Reached skill level 1 in Evocations
  1456 | D:2      | Reached XP level 4. HP: 26/32 MP: 4/11
  1545 | D:2      | Found a burning altar of Makhleb.
  2282 | D:3      | Reached skill level 1 in Conjurations
  2282 | D:3      | Reached skill level 1 in Hexes
  2282 | D:3      | Reached skill level 1 in Summonings
  2282 | D:3      | Reached skill level 1 in Necromancy
  2282 | D:3      | Reached skill level 1 in Translocations
  2282 | D:3      | Reached skill level 1 in Fire Magic
  2282 | D:3      | Reached skill level 1 in Ice Magic
  2282 | D:3      | Reached skill level 1 in Air Magic
  2282 | D:3      | Reached skill level 1 in Poison Magic
  2287 | D:3      | Learned a level 4 spell: Petrify
  2763 | D:3      | Noticed Sigmund
  2770 | D:3      | Killed Sigmund
  2771 | D:3      | Reached XP level 5. HP: 31/38 MP: 1/12
  2771 | D:3      | Reached XP level 6. HP: 36/44 MP: 1/13
  2894 | D:3      | Reached skill level 5 in Dodging
  3319 | D:4      | Learned a level 3 spell: Tukima's Dance
  3363 | D:4      | Reached XP level 7. HP: 50/50 MP: 8/15
  3366 | D:4      | Found a glowing drain.
  3387 | Sewer    | Entered a sewer
  3633 | Sewer    | Identified the +0 cloak "Suqyidiz" {rN++}
  3993 | D:4      | Noticed Pikel
  4013 | D:4      | Killed Pikel
  4014 | D:4      | Reached skill level 5 in Stealth
  4014 | D:4      | Reached XP level 8. HP: 40/58 MP: 4/16
  4123 | D:4      | Reached skill level 6 in Spellcasting
  4588 | D:4      | Noticed Blork the orc
  4597 | D:4      | Killed Blork the orc
  4872 | D:5      | Entered Level 5 of the Dungeon
  5353 | D:5      | Reached XP level 9. HP: 57/65 MP: 12/18
  5422 | D:5      | Found a white marble altar of Elyvilon.
  5470 | D:5      | Found a staircase to the Ecumenical Temple.
  5480 | Temple   | Entered the Ecumenical Temple
  5558 | Temple   | Became a worshipper of Gozag Ym Sagoz the Greedy
  7563 | D:6      | Identified the +5 war axe of Ibuin {holy, rN+ Int+3 SInv}
  7852 | D:6      | Reached skill level 5 in Invocations
  8168 | D:6      | Identified the +9 short sword of Immorality {pain, Fragile
                  | rN++ Will+}
  8405 | D:6      | Reached skill level 7 in Spellcasting
  8644 | D:6      | Reached XP level 10. HP: 58/73 MP: 20/20
  8766 | D:7      | Noticed Maggie
  8782 | D:7      | Killed Maggie
  8876 | D:7      | Reached skill level 5 in Fighting
  8876 | D:7      | Reached skill level 5 in Short Blades
  8876 | D:7      | Reached skill level 5 in Long Blades
  8876 | D:7      | Reached skill level 5 in Axes
  8876 | D:7      | Reached skill level 5 in Maces & Flails
  8876 | D:7      | Reached skill level 5 in Polearms
  8876 | D:7      | Reached skill level 5 in Staves
  8876 | D:7      | Reached skill level 5 in Slings
  8876 | D:7      | Reached skill level 5 in Bows
  8876 | D:7      | Reached skill level 5 in Crossbows
  8876 | D:7      | Reached skill level 5 in Throwing
  8876 | D:7      | Reached skill level 5 in Armour
  8876 | D:7      | Reached skill level 5 in Shields
  8876 | D:7      | Reached skill level 5 in Unarmed Combat
  8876 | D:7      | Reached skill level 5 in Evocations
  9444 | D:8      | Found an ornate altar of the Wu Jian Council.
  9925 | D:8      | Learned a level 3 spell: Ozocubu's Armour
 10395 | D:8      | Identified the +6 flail of Division {venom, rC+}
 10711 | D:9      | Noticed Harold
 10882 | D:8      | Killed Harold
 10883 | D:8      | Reached skill level 5 in Transmutations
 11534 | D:9      | Noticed Grum
 11554 | D:9      | Killed Grum
 11564 | D:9      | Reached XP level 11. HP: 65/81 MP: 16/22
 12211 | D:9      | Reached skill level 5 in Conjurations
 12211 | D:9      | Reached skill level 5 in Hexes
 12211 | D:9      | Reached skill level 5 in Summonings
 12211 | D:9      | Reached skill level 5 in Necromancy
 12211 | D:9      | Reached skill level 5 in Translocations
 12211 | D:9      | Reached skill level 5 in Fire Magic
 12211 | D:9      | Reached skill level 5 in Ice Magic
 12211 | D:9      | Reached skill level 5 in Air Magic
 12211 | D:9      | Reached skill level 5 in Poison Magic
 12228 | D:9      | Reached skill level 8 in Spellcasting
 12576 | D:10     | Entered Level 10 of the Dungeon
 12806 | D:10     | Noticed a two-headed ogre
 12821 | D:10     | Killed a two-headed ogre
 13025 | D:10     | Got Routis's Almanac of Shifting Envenoming
 13206 | D:10     | Noticed Snorg
 13233 | D:10     | Slain by Snorg

Illustrated notes

Levels and vault maps discovered:
D:1:      minmay_arrival_jagged, layout_rooms,
          dreamdust_ecumenical_altar_angels_and_demons
D:2:      minmay_angry_zag, layout_loops_cross, basic_altar,
          minmay_misc_feat_doors
D:3:      layout_loops_ring, minmay_misc_feat_secret_circle, uniq_sigmund
D:4:      layout_loops_ring, gup_sewer_entry_bubbles,
          chequers_serial_rivers_small_3, uniq_pikel, uniq_blork_the_orc
D:5:      layout_basic, mainiacjoe_overflow_paths,
          minmay_temple_entry_mini_moons
D:6:      layout_loops_ring, minmay_quadrilaterals
D:7:      layout_gridville, uniq_maggie
D:8:      layout_cave_pods, mainiacjoe_overflow_alcove_1, grunt_decor_cap,
          kennysheep_potato
D:9:      layout_cave_pods, uniq_grum, uniq_harold
D:10:     layout_basic, erik_orc_3, uniq_snorg
Temple:   mainiacjoe_temple_cubbyholes

Skill      XL: |  1  2  3  4  5  6  7  8  9 10 11 |
---------------+----------------------------------+-----
Transmutations | 2 3 4 5 |  5.7
Spellcasting   | 5 6 7 8 |  8.1
Invocations    | 1 2 3 4 5 6 |  6.9
Fighting       | 1 2 3 4 5 6 |  6.3
Short Blades   | 1 2 3 4 5 6 |  6.3
Long Blades    | 1 2 3 4 5 6 |  6.3
Axes           | 1 2 3 4 5 6 |  6.3
Maces & Flails | 1 2 3 4 5 6 |  6.3
Polearms       | 1 2 3 4 5 6 |  6.3
Staves         | 1 2 3 4 5 6 |  6.3
Slings         | 1 2 3 4 5 6 |  6.3
Bows           | 1 2 3 4 5 6 |  6.3
Crossbows      | 1 2 3 4 5 6 |  6.3
Throwing       | 1 2 3 4 5 6 |  6.3
Armour         | 1 2 3 4 5 6 |  6.3
Shields        | 1 2 3 4 5 6 |  6.3
Unarmed Combat | 1 2 3 4 5 6 |  6.3
Evocations     | 1 2 3 4 5 6 |  6.3
Conjurations   | 1 2 3 4 5 |  5.2
Hexes          | 1 2 3 4 5 |  5.2
Summonings     | 1 2 3 4 5 |  5.2
Necromancy     | 1 2 3 4 5 |  5.2
Translocations | 1 2 3 4 5 |  5.2
Fire Magic     | 1 2 3 4 5 |  5.2
Ice Magic      | 1 2 3 4 5 |  5.2
Air Magic      | 1 2 3 4 5 |  5.2
Poison Magic   | 1 2 3 4 5 |  5.2
Dodging        | 5 6 7 |  7.9
Stealth        | 5 6 7 |  7.6
Earth Magic    | 6 7 |  7.6

Action                   |  1- 3 |  4- 6 |  7- 9 | 10-12 || total
-------------------------+-------+-------+-------+-------++-------
Melee: Unarmed           |     8 |       |       |       ||     8
       Bite              |    10 |    11 |    33 |    37 ||    91
       Dagger            |    56 |    50 |       |       ||   106
       Short sword       |       |    51 |   201 |    40 ||   292
       Punch             |       |     2 |    10 |    30 ||    42
       War axe           |       |       |    43 |    56 ||    99
       Flail             |       |       |       |   166 ||   166
Throw: Dart              |       |       |    23 |     5 ||    28
       Stone             |       |       |       |     2 ||     2
       Boomerang         |       |       |       |    14 ||    14
 Cast: Sandblast         |    23 |    11 |    49 |    29 ||   112
       Stone Arrow       |     5 |     8 |    20 |     3 ||    36
       Tukima's Dance    |       |       |    18 |    25 ||    43
       Petrify           |       |       |     4 |    19 ||    23
       Ozocubu's Armour  |       |       |       |     2 ||     2
Evoke: Wand              |       |       |     6 |     1 ||     7
  Use: Scroll            |       |       |       |     6 ||     6
       Potion            |       |       |       |     6 ||     6
 Stab: Sleeping          |     6 |     7 |    13 |     5 ||    31
       Petrified         |       |       |     6 |    31 ||    37
       Distracted        |       |       |     1 |       ||     1
       Invisible         |       |       |       |     1 ||     1
       Petrifying        |       |       |       |     1 ||     1
Armor: Robe              |     8 |    22 |    78 |       ||   108
       Steam dragon scal |       |       |       |    96 ||    96
Dodge: Dodged            |    45 |    49 |   209 |   232 ||   535
